 Dungeon Crawl Stone Soup version 0.31.0-11-ge490571c62 (webtiles) character file.

Game seed: 7615760965148811993

97 safid the Ruffian (level 4, -1/35 HPs)
             Began as a Draconian Shapeshifter on Feb 8, 2024.
             Slain by Ijyb
             ... wielding a +4 dagger of protection
              (6 damage)
             ... on level 3 of the Dungeon.
             The game lasted 00:01:51 (1681 turns).

safid the Ruffian (Draconian Shapeshifter)          Turns: 1681, Time: 00:01:52

Health: -1/35      AC:  5    Str: 18    XL:     4   Next: 42%
Magic:  4/4        EV: 12    Int: 10    God:
Gold:   194        SH:  0    Dex: 11    Spells: 3/3 levels left

rFire   . .          .
                       - Unarmed
rCold   . . .        (no shield)
rNeg    . . .        (body armour unavailable)
rPois   +            (helmet currently unavailable)
rElec   .            (cloak currently unavailable)
rCorr   .            (gloves currently unavailable)
SInv    .            (boots currently unavailable)
Will    .....        (no amulet)
Stlth   +            j - ring of poison resistance
HPRegen 0.25/turn    (no ring)
MPRegen 0.09/turn

%: no passive effects
@: beast-form
A: beast (slay +2), AC +5, unfitting armour, cold-blooded
a: Begin Untransformation


You were on level 3 of the Dungeon.
You were a hulking beast.
You visited 1 branch of the dungeon, and saw 3 of its levels.

You collected 194 gold pieces.

Inventory:

Jewellery
 j - a ring of poison resistance (left hand)
Talismans
 b - a beast talisman
 c - a flux talisman
Scrolls
 d - a scroll of teleportation {unknown}
 f - a scroll of enchant armour {unknown}
 g - a scroll of poison {unknown}
 h - a scroll of noise {unknown}
 n - 3 scrolls of identify {unknown}
Potions
 a - a potion of lignification
 e - 3 potions of curing
 i - a potion of mutation {unknown}
 k - 2 potions of degeneration {unknown}
 l - a potion of attraction {unknown}
 m - a potion of brilliance {unknown}
 o - a potion of enlightenment {unknown}
 p - a potion of ambrosia {unknown}


   Skills:
 + Level 1.2 Fighting
 + Level 2.2 Dodging
 + Level 4.2 Unarmed Combat
 + Level 3.8 Shapeshifting


You had 3 spell levels left.
You didn't know any spells.
Your spell library contained the following spells:

 Spells                   Type           Power      Damage    Failure   Level
 Shock                    Conj/Air       0%         1d3       36%         1
 Inner Flame              Hex/Fire       0%         N/A       75%         3
 Swiftness                Air            0%         N/A       75%         3
 Airstrike                Air            0%         2d(0-16)  98%         4
 Summon Lightning Spire   Summ/Air       0%         N/A       98%         4
 Irradiate                Conj/Alch      0%         3d11      100%        5
 Lee's Rapid Deconstruct  Erth           0%         3d4*      100%        5
 Ignition                 Fire           0%         3d3       100%        8
 Animate Armour           Summ/Erth      Unusable   N/A       N/A         4

Dungeon Overview and Level Annotations

Branches:
Dungeon (3/15)

Altars:

Annotations:
D:3 Ijyb


Innate Abilities, Weirdness & Mutations

You are a hulking beast.
Your limbs bulge with bestial killing power. (Slay +2)
Your plain brown scales are hard. (AC +5)
You cannot fit into any form of body armour.
You are cold-blooded and may be slowed by cold attacks.


Message History

Ijyb zaps a wand.
The puff of flame hits you.
You hit Ijyb but do no damage.
Ijyb is moderately wounded.
Ijyb screams, "You nasty!
Big nasty!"
Ijyb hits you but does no damage.
You closely miss Ijyb.
Ijyb is moderately wounded.
Ijyb barely misses you.
You closely miss Ijyb.
Your tail-slap misses Ijyb.
Ijyb is moderately wounded.
Ijyb screams, "Me stronger than you!" Ijyb closely misses you.
You hit Ijyb but do no damage.
Ijyb is moderately wounded.
Ijyb barely misses you.
You closely miss Ijyb. You tail-slap Ijyb, but do no damage.
Ijyb is moderately wounded.
Ijyb hits you with a +4 dagger of protection.
You hit Ijyb but do no damage. You tail-slap Ijyb.
Ijyb is moderately wounded.
Ijyb screams, "I dance on your bones!" Ijyb barely misses you.
You hit Ijyb. You tail-slap Ijyb. Your punch misses Ijyb.
Ijyb is heavily wounded.
You barely miss Ijyb.
Ijyb is heavily wounded.
Ijyb hits you with a +4 dagger of protection.
You hit Ijyb but do no damage. You tail-slap Ijyb.
Ijyb is severely wounded.
Ijyb zaps a wand.
The puff of flame hits you.
* * * LOW HITPOINT WARNING * * *
You hit Ijyb.
Ijyb is severely wounded.
Ijyb screams, "Me stronger than you!"
Ijyb hits you with a +4 dagger of protection.
* * * LOW HITPOINT WARNING * * *
You closely miss Ijyb.
Ijyb is severely wounded.
Ijyb hits you with a +4 dagger of protection.
You die...

######.#.#####
#.##.'.8P...## ......
#....#####._.# ......#
#........##... .......
#.........#### .bg....
#####.#####.#.##.. .......
#...#..# #...##'# .......
#...##.####.####..
.......##h..##......# ###
#.bg...........# #
#.....###...####.#########
#.... +.........>........#
#... ###########.######.#
#.. #.# #.. ## #######.##
#.. #........# #..
#...†....# #..


You could see Ijyb and a bat.

Vanquished Creatures
  An iguana (D:2)
  2 adders
  2 ribbon worms (D:2)
  A dart slug (D:1)
  A ball python (D:1)
  7 endoplasms
  7 goblins
  3 hobgoblins
  2 jackals (D:3)
  4 quokkas
  3 bats
  4 frilled lizards
  2 kobolds
  5 rats
44 creatures vanquished.

Notes
Turn   | Place    | Note
-------+----------+-------------------------------------------
     0 | D:1      | safid the Draconian Shapeshifter began the quest for the
                  | Orb.
     0 | D:1      | Reached XP level 1. HP: 16/16 MP: 1/1
   107 | D:1      | Reached XP level 2. HP: 23/23 MP: 2/2
   745 | D:2      | Reached XP level 3. HP: 17/28 MP: 3/3
  1146 | D:2      | Reached skill level 4 in Unarmed Combat
  1146 | D:2      | Reached XP level 4. HP: 16/35 MP: 4/4
  1474 | D:3      | Found a faded altar of an unknown god.
  1655 | D:3      | Noticed Ijyb
  1681 | D:3      | Slain by Ijyb

Illustrated notes

Levels and vault maps discovered:
D:1:      wander_arrival_desolate, layout_basic, minmay_3d_cube
D:2:      layout_rooms
D:3:      layout_basic, chequers_temple_overflow_minitemple,
          shapermc_ecumenical_altar_ellora, uniq_ijyb, uniq_jessica,
          uniq_natasha

Skill      XL: |  1  2  3 |
---------------+----------+-----
Dodging        | 2 |  2.2
Unarmed Combat | 4 |  4.2
Fighting       | |  1.2
Shapeshifting  | |  3.8

Action                     |  1- 3 |  4- 6 || total
---------------------------+-------+-------++-------
  Melee: Unarmed           |    90 |    42 ||   132
         Tailslap          |     7 |    10 ||    17
         Punch             |     1 |     2 ||     3
    Use: Potion            |     1 |       ||     1
   Stab: Sleeping          |     1 |       ||     1
 Armour: Skin              |    48 |    26 ||    74
  Dodge: Dodged            |    53 |    21 ||    74
